[Event "Germany Countries-chT Youth 2022"]
[Site "Wiesbaden"]
[Date "2022.10.03"]
[Round "6"]
[White "Weishaeutel, Moritz"]
[Black "Holinka, Henning"]
[Result "1-0"]
[ECO "D00"]
[WhiteElo "2401"]
[BlackElo "2245"]
[Annotator "TA"]
[PlyCount "77"]
[EventDate "2022.09.28"]
[EventType "team-tourn"]
[EventRounds "7"]
[EventCountry "GER"]
[SourceTitle "playchess.com"]
[Source "ChessBase"]
[SourceQuality "1"]
[TimeControl "40/5400+30:1800+30"]

1. d4 d5 2. Nc3 Nf6 3. Bf4 c5 4. e4 cxd4 5. Qxd4 Nc6 6. Bb5 {[%emt 0:00:03][%cal Re4d5] D00: 1 d4 d5: Unusual lines.} Bd7 7. Bxc6 Bxc6 8. e5 {[%emt 0:00:03] The position is equal.} Nd7 9. e6 fxe6 10. Nf3 {[%emt 0:00:03] aiming for 0-0-0.} Qb6 11. Qd2 d4 12. Qxd4 {[%emt 0:00:28] [#]} Qxd4 $146 ({Predecessor:} 12... Bxf3 13. Qxb6 Nxb6 14. gxf3 g6 15. Be5 Rg8 16. O-O-O Bh6+ 17. Kb1 Nc4 18. Bg3 Nd2+ {1-0 (82) Strand,V (1933)-Kolimar,K (2195) Mamaia 2022}) 13. Nxd4 e5 (13... Bxg2 $11 14. Rg1 e5 15. Bxe5 Nxe5 16. Rxg2 O-O-O) 14. Nxc6 $14 bxc6 (14... exf4 $142 15. Nb4 O-O-O) 15. Bg3 g6 16. O-O-O O-O-O 17. Rhe1 Bg7 18. f3 {[%emt 0:04:02] White is much more active.} Rhf8 19. Kb1 Rf5 20. Ne4 Nb6 21. Rxd8+ Kxd8 22. Nc5 Kc8 23. Nd3 Nd7 24. Re4 a6 25. c3 h5 26. Kc2 Bf6 27. Bf2 Bg5 28. Bg3 Bf6 $1 29. Bf2 Bg5 $1 30. Kd1 Bf4 31. g3 Bh6 32. Ke2 Bg7 33. g4 hxg4 34. fxg4 Rg5 (34... Rf7 {is a better chance.} 35. h4 Bf6) 35. Kf3 {[%emt 0:03:17] [#] Threatens to win with Nc5. White is clearly winning.} Nf6 36. Nc5 Nxe4 (36... e6 $142 37. h4 (37. Rc4 e4+ 38. Nxe4 Nxe4 $18) 37... Nxe4) 37. Nxe4 $18 Rf5+ 38. gxf5 gxf5 39. Nc5 {[%emt 0:00:20] Weighted Error Value: White=0.20 (precise) /Black=0.30} 1-0

[Event "Germany Countries-chT Youth 2022"]
[Site "Wiesbaden"]
[Date "2022.10.03"]
[Round "6"]
[White "Färber, David"]
[Black "Grossmann, Piet"]
[Result "1-0"]
[ECO "C09"]
[WhiteElo "2354"]
[BlackElo "1945"]
[Annotator "TA"]
[PlyCount "71"]
[EventDate "2022.09.28"]
[EventType "team-tourn"]
[EventRounds "7"]
[EventCountry "GER"]
[SourceTitle "playchess.com"]
[Source "ChessBase"]
[SourceQuality "1"]
[TimeControl "40/5400+30:1800+30"]

1. e4 e6 2. d4 d5 3. Nd2 c5 4. Ngf3 Nc6 5. exd5 exd5 6. Bb5 Bd6 7. dxc5 Bxc5 8. O-O Nge7 9. Nb3 Bd6 10. Re1 O-O 11. Bd3 h6 12. h3 Nf5 13. c3 Qf6 14. Bc2 Rd8 15. Qd3 {[%emt 0:01:17] C09: French Tarrasch: 3...c5 4 exd5 exd5 5 Ngf3 Nc6.} g6 16. Bd2 Be6 17. Rad1 {[%emt 0:15:02] White is slightly better.} Bf8 {[%emt 0:07:59] [#]} 18. Qb5 $146 (18. Qe2 $14) ({Predecessor:} 18. Be3 Nxe3 19. Rxe3 Bf5 20. Qe2 Bxc2 21. Qxc2 Rd7 22. Red3 Rad8 23. Qd2 Ne5 24. Nxe5 Qxe5 {½-½ (56) Omelchenko,L-Herbrechtsmeier,C corr 1988}) 18... Nd6 $11 19. Qe2 Re8 20. Be3 Nc4 21. Bd3 Nxe3 22. fxe3 Bf5 23. Bxf5 Qxf5 24. Qb5 Rad8 25. Qxb7 Ne5 26. Nbd4 Nxf3+ 27. Nxf3 Bc5 28. Nd4 Qg5 29. Qb5 $36 {[%emt 0:05:44][%mdl 2048] White has the initiative.} Bd6 30. Nf3 Qg3 (30... Qf5 $14) 31. Rxd5 $16 Rb8 (31... Bc7 $16 {was called for.} 32. e4 g5) 32. Qe2 $18 Bf4 33. Rd3 g5 34. b3 h5 35. Qf2 g4 $2 {[%emt 0:01:18] [#]} (35... Bc7 {is a better defense.} 36. Rd7 Qxf2+ 37. Kxf2 Rbc8) 36. exf4 {[%emt 0:00:23] Weighted Error Value: White=0.08 (flawless) /Black=0.33} 1-0

[Event "Germany Countries-chT Youth 2022"]
[Site "Wiesbaden"]
[Date "2022.10.03"]
[Round "6"]
[White "Boder, Jan"]
[Black "Stelmaszyk, Nico"]
[Result "0-1"]
[ECO "A14"]
[WhiteElo "2341"]
[BlackElo "2355"]
[Annotator "TA"]
[PlyCount "140"]
[EventDate "2022.09.28"]
[EventType "team-tourn"]
[EventRounds "7"]
[EventCountry "GER"]
[SourceTitle "playchess.com"]
[Source "ChessBase"]
[SourceQuality "1"]
[TimeControl "40/5400+30:1800+30"]

1. Nf3 Nf6 2. c4 e6 3. g3 d5 4. Bg2 Be7 5. O-O O-O 6. d4 dxc4 7. Qc2 b6 {[%emt 0:00:05] E05: Open Catalan: 5 Nf3 Be7.} 8. Ne5 Qxd4 9. Bxa8 Qxe5 {[%emt 0:00:05] The position is equal.} 10. Bf4 Qh5 11. Bf3 Ng4 12. Bxg4 Qxg4 13. f3 Qh3 (13... Bc5+ 14. Kg2 Qg6 15. Qxg6 (15. Qxc4 e5 $15) 15... hxg6 16. Nc3 $14) 14. Nd2 (14. Nc3 $11) 14... Bc5+ $15 15. Kh1 {[%emt 0:00:49] [#]} b5 $146 (15... e5 $1 $15 16. Bxe5 Re8 17. Nxc4 Nc6) ({Predecessor:} 15... e5 16. Bxe5 Re8 17. Nxc4 Nc6 18. Rfd1 Re6 19. e4 Ba6 20. b4 Bxb4 21. Bxc7 Qh5 {1-0 (33) Gaboyan,S (2253)-Miturova,M (2248) Terme Catez 2021}) 16. Ne4 Bb6 17. a4 e5 18. Bxe5 Nc6 {[%emt 0:00:43] The board is on fire.} 19. Bc3 a6 (19... b4 $14 {is more appropriate.} 20. Bd2 a5) 20. axb5 axb5 21. Qd2 $1 Qh5 22. Rfd1 h6 23. g4 $1 Qg6 24. Qd5 b4 25. Be1 Re8 26. Ra8 $1 Kh7 $1 27. Bg3 {[%emt 0:04:57] Prevents Re5.} ({Wrong is} 27. Qxc4 $2 Bxg4 $1 28. fxg4 (28. Ng5+ $2 Qxg5 29. Bh4 Qxh4 $19) 28... Rxa8 $19) 27... Rxe4 $40 {[%emt 0:05:34][%mdl 128] Black attacks.} 28. fxe4 $4 (28. Qxe4 $11 {and White stays safe.} Qxe4 29. fxe4 Bxg4 30. Kg2) 28... Ne7 $1 $19 29. Qxc4 Bb7 30. h3 {[%emt 0:00:16] And now Re8 would win.} Qxe4+ (30... Bxa8 $2 {too greedy.} 31. Kh2 $19) 31. Qxe4+ Bxe4+ {[%emt 0:00:08] A strong pair of Bishops.} 32. Kh2 Bxa8 33. Rd7 Nd5 34. Rxf7 Kg8 35. Rd7 {[%emt 0:00:55] aiming for Rd8+.} Bc6 36. Rd8+ Kf7 37. Be5 Ne3 38. Bd4 Bxd4 (38... Ke7 $19 {is more deadly.} 39. Bxb6 Nf1+ 40. Kg1 Kxd8) 39. Rxd4 $17 Nd5 $1 40. e4 Nf6 41. Rxb4 Bxe4 {[%emt 0:30:09] Black is more active.} 42. Ra4 Ke6 43. Kg3 Bd5 44. Ra7 Kd6 45. h4 (45. Kf4 $17) 45... Be6 $19 46. g5 hxg5 47. hxg5 Nh5+ 48. Kf3 {[%emt 0:00:00] [#]} g6 $1 49. Ra6+ Ke5 50. Ra5+ $2 {[%emt 0:00:00] [#] Now White is beyond hope.} (50. Kf2 $17 {was called for.}) 50... Bd5+ $1 51. Kg4 $2 (51. Kf2 {might work better.}) 51... Ng7 52. Ra7 Ne6 53. Ra1 Be4 54. Ra5+ Kd4 55. Ra4+ Kd3 {[%emt 0:00:00] Hoping for ...c5.} 56. Kh4 $2 (56. Ra3+ Kd4 57. Rg3) 56... Bf5 $2 (56... c5 57. Kg3 Bf5) 57. Ra7 $2 (57. Ra3+ Ke4 58. Kg3) 57... c5 58. Rb7 c4 {[%emt 0:00:00] White must now prevent ...Nc5.} 59. Rb4 Nc5 {[%emt 0:00:00] ...Kd4 is the strong threat.} 60. Rb5 (60. Kg3 $142 Be4 61. Kf2) 60... Ne4 61. Rd5+ Kc2 62. Rd4 Nd2 {[%emt 0:00:00] ( -> ...Nf3+)} 63. Rf4 {[%emt 0:00:00] Prevents Nf3+.} Kxb2 {[%emt 0:01:46] Black mates.} 64. Rxf5 gxf5 {[%emt 0:00:06] KN-KP} 65. g6 Ne4 ({Stronger than} 65... c3 66. g7 $11) 66. g7 Nf6 67. Kg5 Ng8 68. Kxf5 c3 69. Kg6 c2 70. Kf7 Nh6+ {[%emt 0:00:06] Weighted Error Value: White=0.50/Black=0.24 (precise)} 0-1

[Event "Germany Countries-chT Youth 2022"]
[Site "Wiesbaden"]
[Date "2022.10.03"]
[Round "6"]
[White "Stork, Oliver"]
[Black "Kolb, Tobias"]
[Result "1/2-1/2"]
[ECO "D35"]
[WhiteElo "2338"]
[BlackElo "2358"]
[Annotator "TA"]
[PlyCount "218"]
[EventDate "2022.09.28"]
[EventType "team-tourn"]
[EventRounds "7"]
[EventCountry "GER"]
[SourceTitle "playchess.com"]
[Source "ChessBase"]
[SourceQuality "1"]
[TimeControl "40/5400+30:1800+30"]

1. d4 d5 2. c4 e6 3. Nc3 Nf6 4. cxd5 exd5 5. Bg5 Be7 6. e3 O-O 7. Bd3 h6 8. Bh4 Re8 9. Nge2 c6 10. O-O Nbd7 11. Rb1 a5 12. Qc2 Nh5 13. Bxe7 Qxe7 14. Na4 Nhf6 15. a3 Qd6 16. Ng3 h5 17. Rfc1 Ng4 18. Nf1 g6 19. h3 Nh6 20. b4 axb4 21. axb4 b5 22. Nc5 Nb6 23. e4 dxe4 24. Nxe4 Qxd4 25. Qxc6 Re6 26. Qc3 ({But not} 26. Qxb5 $2 Ba6 27. Qc5 Qxd3 $19) (26. Qc2 $14 {deserves consideration.}) 26... Nf5 $11 (26... Rxe4 $2 27. Bxe4 Qxc3 28. Rxc3 $18) 27. Nc5 Qxc3 28. Rxc3 Nd5 29. Rcc1 Rd6 30. Bxb5 Rb8 (30... Rb6 $5 31. Bc4 Nxb4 $11) 31. Bc4 Nxb4 32. Nd3 Rdb6 33. Rxb4 Rxb4 34. Nxb4 Rxb4 35. Bxf7+ Kxf7 36. Rxc8 Rb1 37. g3 h4 38. Rc3 hxg3 39. fxg3 Rb2 40. Rf3 Kg7 41. Rf2 Rb3 42. Kh2 Ra3 43. Kg2 Ne3+ 44. Nxe3 Rxe3 45. Rf3 Re2+ 46. Rf2 Re3 47. Rf4 Ra3 48. Kf2 Rb3 49. Re4 Kf6 50. Re3 Rb4 51. Kf3 Kg5 52. Re5+ Kf6 53. Re4 Rb3+ 54. Kf4 Rb5 55. h4 Rf5+ 56. Kg4 Ra5 57. Rb4 Rc5 58. Rb6+ Kg7 59. Rb7+ Kf6 60. Rb6+ Kg7 61. Re6 Kf7 62. Rd6 Rc4+ 63. Kg5 Rc5+ 64. Kf4 Kg7 65. Rd7+ Kf6 66. Rd6+ Kg7 67. Re6 Rf5+ 68. Ke4 Ra5 69. Rd6 Ra3 70. Rd7+ Kf6 71. Rd6+ Kg7 72. g4 Ra5 73. Rd5 Ra4+ 74. Rd4 Ra5 75. Rd7+ Kf6 76. Rd6+ Kf7 77. Kf4 Rb5 78. Rd7+ $1 Kf6 79. Rd6+ Kf7 80. Rc6 Ra5 81. Rc7+ Kf6 82. Rc6+ Kf7 83. Rb6 Rc5 84. Ra6 Rb5 85. Ra7+ Kf6 86. g5+ Ke6 87. Ra6+ Kf7 88. Ra7+ Ke6 89. Ra6+ Kf7 90. Rf6+ Kg7 91. Re6 Kf7 92. Rf6+ Kg7 93. Rd6 Rb4+ 94. Ke5 Rxh4 95. Rd7+ $1 Kg8 96. Rd8+ Kf7 97. Rd7+ Kg8 $1 98. Kf6 (98. Rd4 $5 Rh1 99. Kf6 $11) 98... Ra4 99. Rd8+ Kh7 100. Rd7+ Kg8 101. Re7 Ra8 102. Rg7+ Kh8 $1 103. Rxg6 Ra6+ 104. Kf5 Ra5+ 105. Kg4 Ra1 106. Rb6 Kg7 107. g6 Rg1+ 108. Kf4 Rxg6 109. Rxg6+ Kxg6 1/2-1/2

[Event "Germany Countries-chT Youth 2022"]
[Site "Wiesbaden"]
[Date "2022.10.03"]
[Round "6"]
[White "Schneider, Jana"]
[Black "Laux, Dominik"]
[Result "0-1"]
[ECO "B57"]
[WhiteElo "2331"]
[BlackElo "2273"]
[Annotator "TA"]
[PlyCount "130"]
[EventDate "2022.09.28"]
[EventType "team-tourn"]
[EventRounds "7"]
[EventCountry "GER"]
[SourceTitle "playchess.com"]
[Source "ChessBase"]
[SourceQuality "1"]
[TimeControl "40/5400+30:1800+30"]

1. e4 c5 2. Nf3 Nc6 3. d4 cxd4 4. Nxd4 Nf6 5. Nc3 d6 6. Bc4 Qb6 7. Nxc6 bxc6 8. Qe2 g6 9. O-O Qc7 {[%emt 0:00:03] B57: Classical Sicilian: Sozin with 6...Qb6.} 10. f4 Bg7 11. e5 {[%emt 0:03:19] [#]} dxe5 $146 (11... Nd5 $11) ({Predecessor:} 11... Ng4 12. h3 Nh6 13. exd6 Qxd6 14. Be3 O-O 15. Rad1 Qb4 16. Bb3 Nf5 17. a3 Qa5 {0-1 (32) Faulks,N-Arnett,D (2355) Bermuda 1996}) 12. fxe5 $14 Nd5 {[%emt 0:00:09] [#]} 13. Kh1 ({But not} 13. Nxd5 cxd5 14. Bb5+ Bd7 15. Bxd7+ Qxd7 $11) (13. Rxf7 $1 $14 Bxe5 14. Rf1 (14. Nxd5 cxd5 15. Bg5 Kxf7 $11)) 13... e6 14. Re1 O-O 15. Na4 Nb6 16. Bb3 Nxa4 (16... c5 {feels hotter.} 17. Bg5 Bb7 18. c3 h6) 17. Bxa4 Rd8 18. c4 {[%emt 0:06:26] Against Rd5} c5 19. Bg5 Rd4 20. Rad1 Ba6 21. Rxd4 cxd4 22. Qe4 (22. b3 $1 $15) 22... Rb8 $17 23. Qxd4 (23. b3 $17) 23... Qa5 $19 ({And not} 23... Qxc4 24. Qxc4 Bxc4 25. b3 $15) 24. Qd1 Rxb2 {[%emt 0:03:01] Threatens to win with ...Bb7.} 25. Bc1 (25. Bb3 $142) 25... Rb8 ({Better is} 25... Rxa2 $19 26. Bb3 Rf2) 26. Bd2 Qc7 27. Be3 (27. Bb3 $142) 27... Bxe5 28. Bxa7 Qxa7 29. Rxe5 Bxc4 {[%emt 0:00:08][%cal Oa7a4] aiming for ...Qxa4!} 30. Bb3 Bxb3 31. axb3 Rxb3 {[%emt 0:00:19][%mdl 4096] Endgame KQR-KQR} 32. h3 $2 (32. Re1 Rb2 33. Qf3) 32... Qb6 33. Re1 Rb2 34. Qf3 $2 (34. Rf1) 34... Rb1 35. Qa8+ Kg7 36. Rxb1 Qxb1+ {[%emt 0:00:05] KQ-KQ} 37. Kh2 Qb2 {[%emt 0:00:15] Hoping for ...e5.} 38. Qd8 e5 39. Qe7 h5 40. Kg3 Qd4 41. Kf3 Qf4+ (41... e4+ $142 42. Qxe4 Qxe4+ 43. Kxe4 Kf6 44. g3 Kg5 45. Kf3 f6 46. h4+ Kf5 47. g4+ hxg4+ 48. Kg3 Ke4 49. Kh2 Kf3 50. h5 gxh5 51. Kg1 g3 52. Kf1 g2+ 53. Ke1 Ke3 54. Kd1 Kd3 55. Kc1 g1=Q+ 56. Kb2 Qb6+ 57. Ka3 Kc3 58. Ka4 Qb4#) 42. Ke2 e4 43. Qb4 Qe5 44. Kf2 Kf6 (44... e3+ $142 45. Ke2 Qg3 46. Qd4+ Kh6 47. Qh8+ Kg5 48. Qd8+ f6 49. h4+ Qxh4 50. Kxe3 Qg3+ 51. Kd4 Qxg2 52. Qa5+ Kg4 53. Qa1 h4 54. Kc5 Qf2+ 55. Kd6 h3 56. Qd1+ Qf3 57. Qc2 Qf4+ 58. Kc6 f5 59. Kb5 h2 60. Qg2+ Qg3 61. Qc6 g5 62. Qh6 Qh3 63. Qg7 Qf3 64. Qd4+ f4 65. Qd7+ Kg3 66. Qf5 Qb7+ 67. Kc5 h1=Q 68. Qxg5+ Kf3 69. Qd5+ Qxd5+ 70. Kxd5 Kg4+ 71. Kc5 f3 72. Kd5 f2+ 73. Ke5 f1=Q 74. Kd4 Qc6 75. Ke3 Qc5+ 76. Ke4 Qff5#) 45. Qb6+ Kg7 (45... Kg5 $19 46. Kg1 e3 47. Qd8+ f6) 46. Qb4 $1 Qd5 (46... e3+ $142 47. Ke2 Qg3 48. Qd4+ Kg8 49. Qxe3 Qxg2+ 50. Ke1 Qd5 51. Kf2 Qe6 52. Qg3 Kg7 53. Kg1 f6 54. Qf3 Kh6 55. Qa3 g5 56. Kf2 g4 57. h4 Qf5+ 58. Kg1 Qb1+ 59. Kg2 Qe4+ 60. Kf2 Qd4+ 61. Kg2 Qd2+ 62. Kg3 Qe1+ 63. Kg2 Qe4+ 64. Kg3 Qe1+ 65. Kg2 Qe2+ 66. Kg1 Kg6 67. Qf8 Kf5 68. Qd6 Qe3+ 69. Kg2 Qe4+ 70. Kg1 Qe3+ 71. Kg2 Qe2+ 72. Kg1 Qe3+) 47. Qc3+ Kg8 {[%emt 0:00:00] ...Kh7 is the strong threat.} 48. Qc8+ {[%emt 0:00:00] [#]} Kh7 $1 {[%emt 0:00:00] ( -> ...Qd2+)} 49. Qc7 Qd4+ 50. Ke2 Kg7 51. Qc1 Qd3+ 52. Kf2 Qd4+ 53. Ke2 $1 Qd3+ 54. Kf2 e3+ {[%emt 0:00:00] Black mates.} 55. Qxe3 Qxe3+ 56. Kxe3 {[%emt 0:00:00] K3P-KPP} Kf6 57. h4 Ke5 58. g3 Kf5 59. Kf3 f6 60. Kf2 Kg4 61. Kg2 f5 62. Kh2 f4 63. gxf4 Kxf4 64. Kh3 Kf3 65. Kh2 Kg4 {[%emt 0:00:00] Weighted Error Value: White=0.93/Black=0.29 (precise)} 0-1

[Event "Germany Countries-chT Youth 2022"]
[Site "Wiesbaden"]
[Date "2022.10.03"]
[Round "6"]
[White "Hagner, Bennet"]
[Black "Huber, Benedikt"]
[Result "1-0"]
[ECO "C85"]
[WhiteElo "2321"]
[BlackElo "2299"]
[Annotator "TA"]
[PlyCount "53"]
[EventDate "2022.09.28"]
[EventType "team-tourn"]
[EventRounds "7"]
[EventCountry "GER"]
[SourceTitle "playchess.com"]
[Source "ChessBase"]
[SourceQuality "1"]
[TimeControl "40/5400+30:1800+30"]

1. e4 e5 2. Nf3 Nc6 3. Bb5 a6 4. Ba4 Nf6 5. O-O Be7 6. Bxc6 dxc6 7. d3 Bd6 8. Nbd2 Be6 {[%emt 0:00:18] C85: Closed Ruy Lopez: Deferred Exchange Variation.} 9. d4 Nd7 10. dxe5 Nxe5 {[%emt 0:00:28] The position is equal.} 11. Nxe5 Bxe5 12. f4 Bd4+ 13. Kh1 f6 14. c3 {[%emt 0:01:02] [#]} Be3 $146 ({Predecessor:} 14... Bb6 15. f5 Bf7 16. e5 fxe5 17. Qg4 Qd5 18. Ne4 O-O-O 19. Bg5 h5 20. Qf3 Rde8 {1-0 (47) Severins,J (2208)-Vroom,G (2135) ICCF email 2018}) 15. Qe2 {[%emt 0:10:50] Prevents Qd3.} Bxd2 16. Bxd2 O-O 17. f5 Bf7 18. Bf4 Qe7 {[%emt 0:12:03] [#]} (18... Re8 $11) 19. a3 ({Better is} 19. b3 $1 $16) 19... Rfe8 20. Rae1 Bd5 21. Rf3 Qf7 (21... Bxe4 $2 22. Re3 $18) 22. Re3 {[%emt 0:00:49] White is more active.} Bc4 23. Qg4 Kh8 (23... h5 $16 24. Qg3 Red8) 24. e5 $18 b5 (24... Rac8 {was called for.} 25. e6 Qg8) 25. e6 Qe7 26. Rh3 {[%emt 0:03:07] [#] White threatens Qg6 and mate.} Rad8 $2 (26... Qf8 27. Bxc7 Qg8) 27. Qg6 {[%emt 0:01:52] Weighted Error Value: White=0.05 (flawless) /Black=0.20 (precise)} 1-0

[Event "Germany Countries-chT Youth 2022"]
[Site "Wiesbaden"]
[Date "2022.10.03"]
[Round "6"]
[White "Pubantz, Jan"]
[Black "Sidletskyi, Ivan"]
[Result "1-0"]
[ECO "E36"]
[WhiteElo "2273"]
[BlackElo "2184"]
[Annotator "TA"]
[PlyCount "85"]
[EventDate "2022.09.28"]
[EventType "team-tourn"]
[EventRounds "7"]
[EventCountry "GER"]
[SourceTitle "playchess.com"]
[Source "ChessBase"]
[SourceQuality "1"]
[TimeControl "40/5400+30:1800+30"]

1. d4 Nf6 2. c4 e6 3. Nc3 Bb4 4. Qc2 d5 5. a3 Bxc3+ 6. Qxc3 O-O 7. Nf3 dxc4 8. Qxc4 b6 9. Bg5 {[%emt 0:00:03] E36: Nimzo-Indian: Classical: 4...d5 5 a3.} Ba6 10. Qa4 c5 11. dxc5 {[%emt 0:00:38] The position is equal.} bxc5 12. Rc1 Qb6 13. Bxf6 gxf6 14. Rc2 c4 {[%emt 0:11:57] Hoping for ...Nc6.} 15. e3 Bb5 16. Qb4 Nc6 17. Qc3 (17. Qd6 $2 Rfd8 18. Qg3+ Kf8 19. Bxc4 (19. Be2 $2 Ba4 $19) 19... Qa5+ 20. Ke2 Bxc4+ 21. Rxc4 Qa6 $19) 17... Qa5 {[%emt 0:03:38] [#]} 18. Nd2 $146 (18. Bxc4 {seems wilder.} Bxc4 19. b4 Qf5 20. Qxc4 Rac8 21. e4) ({Predecessor:} 18. Bxc4 Bxc4 19. b4 Qf5 20. Qxc4 Rac8 21. e4 Qg4 22. h3 Ne5 23. hxg4 Nxc4 24. a4 {½-½ (90) Rajlich,I (2441)-Gajek,R (2203) Warsaw 2012}) 18... Ba4 (18... Rfd8 $11 {keeps the balance.}) 19. Nxc4 $16 Qxc3+ 20. Rxc3 Rab8 {[%emt 0:01:24] Inhibits b3.} 21. Bd3 (21. b4 $1 $16) 21... Rfd8 $14 22. f4 {[%emt 0:31:11] Prevents Ne5.} Bb5 (22... Ne7 $14) 23. b3 $16 {[%emt 0:04:04][%cal Bb2b3,Bb3b4][%mdl 32] White stays focused until the end.} Ne7 24. Ke2 Nd5 {[%emt 0:03:14] [#]} 25. Rc2 a5 26. Rd1 a4 (26... Rbc8 $16) 27. b4 $18 Rbc8 {[%emt 0:00:53][%cal Od5b6] [#]} 28. Rdc1 $1 Kf8 29. Nb2 (29. Bxh7 f5 30. Kf3 Nf6 31. Bxf5 exf5 $17) 29... Rxc2+ 30. Rxc2 Bd7 31. Rc5 (31. Bxh7 f5 $15) 31... Ke7 32. g3 ({But not} 32. Bxh7 Rh8) 32... f5 33. e4 fxe4 34. Bxe4 h5 35. Bxd5 exd5 {[%emt 0:00:07][%mdl 4096] Endgame KRB-KRN} 36. Kd2 Kd6 37. Ra5 h4 38. Nxa4 ({Not} 38. gxh4 Rh8 39. Ra6+ (39. Nxa4 Rxh4 40. Ra6+ Ke7 $18) 39... Ke7 40. Nxa4 Rxh4 $18) 38... hxg3 39. hxg3 Rg8 40. Nc3 Rxg3 41. Rxd5+ Ke6 $2 (41... Kc7 $18 42. a4 Rf3) 42. Re5+ Kf6 43. Ne4+ {[%emt 0:00:08] Weighted Error Value: White=0.03 (flawless) /Black=0.35} 1-0

[Event "Germany Countries-chT Youth 2022"]
[Site "Wiesbaden"]
[Date "2022.10.03"]
[Round "6"]
[White "Wong, Gengchun"]
[Black "Post, Hugo"]
[Result "1/2-1/2"]
[ECO "B94"]
[WhiteElo "2195"]
[BlackElo "2192"]
[Annotator "TA"]
[PlyCount "111"]
[EventDate "2022.09.28"]
[EventType "team-tourn"]
[EventRounds "7"]
[EventCountry "GER"]
[SourceTitle "playchess.com"]
[Source "ChessBase"]
[SourceQuality "1"]
[TimeControl "40/5400+30:1800+30"]

1. e4 c5 2. Nf3 d6 3. d4 cxd4 4. Nxd4 Nf6 5. Nc3 a6 6. Bg5 Nbd7 7. Qe2 {[%emt 0:00:08] 7.Qe2 is a critical line. B94: Sicilian Najdorf: 6 Bg5 Nbd7.} h6 8. Bh4 g6 9. O-O-O {[%emt 0:00:27] White is slightly better.} e5 10. Nb3 Be7 11. Bxf6 (11. a3 $1 $11 {should be considered.}) 11... Nxf6 $15 12. g3 {[%emt 0:00:37] [#]} Qc7 $146 (12... b5 $15) ({Predecessor:} 12... Bg4 13. f3 Be6 14. Bg2 Qc7 15. Kb1 Kf8 16. f4 Kg7 17. Rhe1 Rac8 18. fxe5 dxe5 {0-1 (42) Kapitanchuk,T (2045)-Quirhuayo Chumbe,G (2215) Montevideo 2016}) 13. h4 $11 b5 14. Bh3 Bxh3 15. Rxh3 Rc8 16. Rhh1 O-O 17. Kb1 b4 18. Nd5 Nxd5 19. Rxd5 Qc4 $1 20. Re1 Qxe2 21. Rxe2 Rc7 {[%emt 0:10:12] [#]} (21... f5 $11 {keeps the balance.}) 22. Nd2 (22. Ra5 $1 $16) 22... f5 {[%emt 0:01:38] The position is equal.} 23. exf5 gxf5 24. Kc1 Kf7 25. f4 Rg8 26. fxe5 Rxg3 {[%emt 0:00:12] [#] Strongly threatening ...Rg1+.} 27. Nf1 Rg1 28. exd6 Rxf1+ 29. Kd2 Rd7 30. Rxe7+ Rxe7 31. dxe7 Kxe7 {[%emt 0:00:04][%mdl 4096] Endgame KR-KR} 32. Ra5 Rh1 33. Rxf5 Rxh4 34. Ra5 Rd4+ 35. Ke3 Rd6 36. a3 bxa3 37. Rxa3 Rb6 38. c4 Rxb2 39. Rxa6 h5 40. Rh6 Kd7 41. Kd4 Rg2 42. Rxh5 Rg6 43. Kc5 $1 Kc7 44. Kb5 Rb6+ 45. Kc5 {[%emt 0:00:04] Rh7+ would kill now.} Rc6+ 46. Kd4 Rg6 47. Rc5+ Kd7 48. Kc3 Rb6 49. Rh5 Kc7 50. Rh7+ Kc8 51. Kd4 Rg6 52. Kc5 Rf6 53. Kb5 $1 Rg6 54. c5 Rf6 55. c6 Rf1 56. Rh8+ $1 {[%emt 0:00:03] Weighted Error Value: White=0.07 (flawless) /Black=0.07 (flawless)} 1/2-1/2

[Event "Germany Countries-chT Youth 2022"]
[Site "Wiesbaden"]
[Date "2022.10.03"]
[Round "6"]
[White "Hommer, Jeremy"]
[Black "Muller, Magnus"]
[Result "1/2-1/2"]
[ECO "D02"]
[WhiteElo "2184"]
[BlackElo "1464"]
[Annotator "TA"]
[PlyCount "73"]
[EventDate "2022.09.28"]
[EventType "team-tourn"]
[EventRounds "7"]
[EventCountry "GER"]
[SourceTitle "playchess.com"]
[Source "ChessBase"]
[SourceQuality "1"]
[TimeControl "40/5400+30:1800+30"]

1. d4 Nf6 2. Nf3 d5 3. Bf4 c5 4. e3 e6 5. Nbd2 Bd6 6. Ne5 O-O 7. c3 {[%emt 0:01:12] D02: 1 d4 d5 2 Nf3 sidelines, including 2...Nf6 3 g3 and 2...Nf6 3 Bf4.} Nc6 {[%emt 0:07:54] 7...Qc7 gains popularity.} 8. Bd3 Qc7 9. Ndf3 Ne4 10. O-O f5 {[%emt 0:01:44] [#]} 11. h4 $146 ({Predecessor:} 11. Nxc6 bxc6 12. Bxd6 Qxd6 13. Ne5 cxd4 14. cxd4 c5 15. f4 cxd4 16. exd4 Ba6 17. Bxa6 Qxa6 {½-½ (27) Foldes,G-Havasi,K Temesvar 1912}) 11... Nf6 12. Nxc6 bxc6 13. Bxd6 Qxd6 14. Ne5 Nd7 15. f4 cxd4 16. exd4 c5 17. Qd2 Rb8 18. Rab1 cxd4 19. cxd4 Nxe5 20. fxe5 Qb6 21. Qe3 (21. Be2 $11) 21... Ba6 $15 {[%cal Of5f4] [#] ...f4! is the strong threat.} 22. Bxa6 Qxa6 23. a3 Rfc8 24. b4 Rc2 (24... h6 $15) 25. Rbc1 $11 {[%emt 0:02:26] The position is equal.} Rxc1 26. Rxc1 {[%emt 0:00:26][%mdl 4096] Endgame KQR-KQR} Rc8 {[%emt 0:00:17] Prevents Rc7.} 27. Rc5 Rxc5 28. bxc5 {[%emt 0:02:42] KQ-KQ} Qc4 {Prevents Qc3.} 29. Qd2 Kf7 30. Kh2 Qb3 31. Qc1 {[%emt 0:05:13] [#] And now c6 would win.} Qc4 32. Qb2 {[%emt 0:01:01] Hoping for Qb7+.} Kg6 33. Qb4 {[%emt 0:04:54] Strongly threatening Qxc4.} Qc1 34. Qb3 Kf7 35. Qb7+ Kg6 36. Qb3 Kf7 37. Qb7+ {[%emt 0:01:19] Weighted Error Value: White=0.08 (flawless) /Black=0.09 (flawless)} 1/2-1/2

[Event "Germany Countries-chT Youth 2022"]
[Site "Wiesbaden"]
[Date "2022.10.03"]
[Round "6"]
[White "Hinrichs, Paul"]
[Black "von Mettenheim, Johannes"]
[Result "1/2-1/2"]
[ECO "E36"]
[WhiteElo "2172"]
[BlackElo "2231"]
[Annotator "TA"]
[PlyCount "65"]
[EventDate "2022.09.28"]
[EventType "team-tourn"]
[EventRounds "7"]
[EventCountry "GER"]
[SourceTitle "playchess.com"]
[Source "ChessBase"]
[SourceQuality "1"]
[TimeControl "40/5400+30:1800+30"]

1. d4 Nf6 2. c4 e6 3. Nc3 Bb4 4. Qc2 d5 5. a3 Bxc3+ 6. Qxc3 O-O {[%emt 0:00:36] now supersedes 6...Ne4.} 7. Bg5 {[%emt 0:01:02] The position is equal.} h6 {[%emt 0:04:42] E36: Nimzo-Indian: Classical: 4...d5 5 a3.} 8. Bxf6 Qxf6 9. e3 c5 10. Nf3 Nc6 11. cxd5 cxd4 12. Nxd4 Nxd4 13. Qxd4 Qxd4 14. exd4 Rd8 15. Bc4 exd5 {[%emt 0:00:07] [#]} 16. Bb3 $146 ({Predecessor:} 16. Bd3 Bd7 17. Kd2 Rac8 18. h4 Kf8 19. Rhe1 Re8 20. b4 Rxe1 21. Rxe1 Re8 22. Rc1 {1-0 (38) Mitrabha,G (2471)-Ganguly,S (2589) chess24.com INT 2022}) 16... a5 17. Bc2 Be6 18. O-O-O Kf8 19. Rhe1 Rdc8 20. Kb1 Ra6 21. Ba4 Ke7 22. Rc1 Raa8 23. Rxc8 Rxc8 $11 {[%emt 0:00:06][%mdl 4096] Endgame KRB-KRB} 24. Bb5 {[%emt 0:00:08] Inhibits Rc4.} Kd6 25. Bd3 Bd7 26. Rc1 Re8 27. Kc2 b6 28. Kd2 Bc6 29. Rc3 Re7 30. Rb3 Rb7 31. Rc3 Re7 32. Rb3 Rb7 33. Rc3 {[%emt 0:00:20] An interesting draw.  Weighted Error Value: White=0.04 (flawless) /Black=0.03 (flawless)} 1/2-1/2